 Dungeon Crawl Stone Soup version 0.21-a0-538-gd16b88a (webtiles) character file.

3772 slep the Cleaver (level 10, -1/71 HPs)
             Began as a Barachi Fighter on Dec 16, 2017.
             Was an Elder of Okawaru.
             Slain by a gargoyle
             ... wielding a +0 flail
              (12 damage)
             ... on level 7 of the Dungeon on Dec 17, 2017.
             The game lasted 00:24:11 (6356 turns).

slep the Cleaver (Barachi Fighter)                  Turns: 6356, Time: 00:24:12

Health: -1/71      AC: 10    Str: 22    XL:     10   Next: 16%
Magic:  10/10      EV: 13    Int: 11    God:    Okawaru [****..]
Gold:   699        SH:  0    Dex: 19    Spells: 9/9 levels left

rFire    . . .     SeeInvis .   M - +2 war axe (flame)
rCold    . . .     Gourm    .   (no shield)
rNeg     . . .     Faith    .   b - +0 scale mail
rPois    .         Spirit   .   n - +0 helmet
rElec    +         Reflect  .   r - scarf {repulsion}
rCorr    .         Harm     .   (no gloves)
MR       .....                  (no boots)
Stlth    +.........             (no amulet)
HPRegen  0.21/turn              J - +5 ring of dexterity
MPRegen  0.12/turn              w - ring of Oxofon {*Contam rElec Str+4 Int+2}

@: repel missiles, slow
A: +LOS, swims, frail 1, shaggy fur 1, slowness 1, strong legs 1
a: Hop, Heroism, Renounce Religion


You were on level 7 of the Dungeon.
You worshipped Okawaru.
Okawaru was greatly pleased with you.
You were not hungry.

You visited 2 branches of the dungeon, and saw 8 of its levels.
You also visited: Ossuary.

You collected 699 gold pieces.

Inventory:

Hand Weapons
 a - a +0 war axe
 M - a +2 war axe of flaming (weapon)
Missiles
 B - 4 tomahawks (quivered)
 C - 3 exploding tomahawks
Armour
 b - a +0 scale mail (worn)
 n - a +0 helmet (worn)
 r - a scarf of repulsion (worn)
Jewellery
 o - an uncursed ring of wizardry
 p - an uncursed ring of fire
 w - the ring of Oxofon (right hand) {*Contam rElec Str+4 Int+2}
   (You found it on level 5 of the Dungeon)

   [ring of strength]

   It affects your strength (+4).
   It affects your intelligence (+2).
   It insulates you from electricity.
   It causes magical contamination when unequipped.
 J - a +5 ring of dexterity (left hand)
Wands
 u - a wand of random effects (9)
 L - a wand of flame (28)
 O - a wand of paralysis (20)
Scrolls
 c - 6 scrolls of remove curse {unknown}
 e - a scroll of immolation {unknown}
 g - 8 scrolls of identify {unknown}
 j - 3 scrolls of random uselessness {unknown}
 k - 6 scrolls of teleportation {unknown}
 q - 4 scrolls of magic mapping {unknown}
 y - 2 scrolls of amnesia {unknown}
 z - 2 scrolls of fog {unknown}
 I - a scroll of noise {unknown}
 K - a scroll of blinking {unknown}
Potions
 d - a potion of magic {unknown}
 h - a potion of agility {unknown}
 i - 2 potions of mutation {unknown}
 m - 2 potions of brilliance {unknown}
 t - 6 potions of heal wounds {unknown}
 v - 3 potions of flight {unknown}
 A - 4 potions of curing
 D - a potion of might
 F - a potion of lignification {unknown}
 G - 2 potions of ambrosia {unknown}
 H - a potion of haste {unknown}
 P - a potion of resistance {unknown}
Books
 E - a book of Power

   Spells                             Type                      Level
   a - Iskenderun's Battlesphere      Conjuration/Charms           5
   b - Venom Bolt                     Conjuration/Poison           5
   c - Bolt of Magma                  Conjuration/Fire/Earth       5
   d - Iron Shot                      Conjuration/Earth            6
   e - Orb of Destruction             Conjuration                  7
   f - Spellforged Servitor           Conjuration/Summoning        7
Comestibles
 f - 5 bread rations
 l - 2 meat rations
 s - 8 fruits
 x - 2 royal jellies
 N - 6 chunks of flesh


   Skills:
 + Level 7.5 Fighting
 + Level 11.2 Axes
 + Level 8.8 Armour
 + Level 4.8 Dodging
 + Level 1.1 Stealth
   Level 3.6 Shields


You had 9 spell levels left.
You didn't know any spells.

Dungeon Overview and Level Annotations

Branches:
Dungeon (7/15)             Temple (1/1) D:4

Altars:
Ashenzari
Cheibriados
Fedhas
Gozag
Hepliaklqana
Kikubaaqudgha
Makhleb
Nemelex Xobeh
Okawaru
Qazlal
Ru
Sif Muna
Trog
Uskayaw
Vehumet
Wu Jian
Xom
Yredelemnul
Zin
The Shining One


Innate Abilities, Weirdness & Mutations

Shadows flee at your approach. (+LOS)
You can swim through water.
You cover ground slowly.
You can hop short distances.
You are frail. (-10% HP)
You are covered in fur. (AC +1)


Message History

You completely miss the gargoyle.
The gargoyle is heavily damaged.
The gargoyle misses you.
You hit the gargoyle but do no damage.
The gargoyle is heavily damaged.
Your scale mail prevents you from hitting the gargoyle.
The gargoyle is heavily damaged.
The gargoyle hits you with a flail.
You hit the gargoyle. You burn the gargoyle.
The gargoyle is heavily damaged.
The gargoyle hurls a stone arrow at you.
The stone arrow misses you.
You barely miss the gargoyle.
The gargoyle is heavily damaged.
The gargoyle hits you with a flail!!
* * * LOW HITPOINT WARNING * * *
You hit the gargoyle but do no damage.
The gargoyle is heavily damaged.
The gargoyle hits you with a flail!
You die...

.# ...###...###.. .#
.....#._.#.... .#
...###...###.. .# #.####'.###
##.# #....#.#....# ...#
.....##.##.... #..#
.....#...#.... ## #..#
######.....##...##...
.#######..#
#...@......#.....#)..
..........#
#.###9.....#.....#.).
########.## #.#
##...##...##.###
#.####.############.##....
#.#..........# #.##.### ######
#.#.......##.# #.##.#
.....###.#.......##.# #.##.#
.#...............##.######.##.#
...#[#####.................##.#


You could see a gargoyle.

Vanquished Creatures
  A two-headed ogre (D:7)
  The ghost of dolemite99 the Jinx, a novice DrTm of Cheibriados (D:7)
  Sigmund (D:2)
  A black bear (D:7)
  2 sky beasts
  An ice beast (D:6)
  The ghost of SFR the Skirmisher, an amateur DgWn (D:3)
  3 ogres
  2 centaurs
  A big kobold (D:6)
  2 bullfrogs
  A scorpion (D:6)
  A bullfrog zombie (D:6)
  2 crimson imps
  A centaur zombie (D:7)
  4 jellies
  A gnoll shaman (D:4)
  4 orc priests
  2 bullfrog skeletons
  4 hounds
  6 orc wizards
  An iguana (D:7)
  6 worker ants
  2 hound zombies (D:6)
  A hound skeleton (D:6)
  8 mummies (Ossuary)
  A worker ant zombie (D:6)
  Robin (D:2)
  4 gnolls (D:4)
  6 adders
  A shadow imp (D:6)
  An ooze (D:1)
  An adder skeleton (D:7)
  An adder zombie (D:6)
  6 worms
  A dart slug (D:2)
  8 leopard geckos
  16 orcs
  8 giant cockroaches
  A gnoll zombie (Ossuary)
  10 goblins
  10 hobgoblins
  15 jackals
  10 kobolds
  A quokka (D:6)
  2 ball pythons
  8 bats
  4 frilled lizards
  2 hobgoblin zombies (Ossuary)
  4 kobold zombies (Ossuary)
  An orc zombie (Ossuary)
  2 quokka skeletons (D:4)
  A quokka zombie (D:7)
  7 rats
193 creatures vanquished.

Notes
Turn   | Place    | Note
-------+----------+-------------------------------------------
     0 | D:1      | slep the Barachi Fighter began the quest for the Orb.
     0 | D:1      | Reached XP level 1. HP: 18/18 MP: 1/1
   141 | D:1      | Reached XP level 2. HP: 21/25 MP: 2/2
   311 | D:1      | Reached XP level 3. HP: 30/30 MP: 3/3
   363 | D:1      | Reached skill level 1 in Dodging
   702 | D:2      | Noticed Robin
   720 | D:2      | Killed Robin
   720 | D:2      | Reached skill level 3 in Axes
   720 | D:2      | Reached XP level 4. HP: 23/37 MP: 4/4
   810 | D:2      | Found a basalt altar of Yredelemnul.
   925 | D:2      | Noticed Sigmund
   932 | D:2      | Killed Sigmund
   932 | D:2      | Reached skill level 4 in Axes
   932 | D:2      | Reached XP level 5. HP: 40/43 MP: 5/5
   932 | D:2      | Reached XP level 6. HP: 45/49 MP: 6/6
  1081 | D:2      | Reached skill level 5 in Armour
  1281 | D:2      | Found a stormy altar of Qazlal.
  1445 | D:3      | Found a burning altar of Makhleb.
  1517 | D:3      | Noticed SFR's ghost (amateur DgWn)
  1631 | D:4      | Reached skill level 5 in Axes
  1666 | D:4      | Found a staircase to the Ecumenical Temple.
  1673 | Temple   | Entered the Ecumenical Temple
  1679 | Temple   | Became a worshipper of Warmaster Okawaru
  2102 | D:3      | Killed SFR's ghost
  2102 | D:3      | Reached XP level 7. HP: 26/55 MP: 7/7
  2331 | D:4      | Reached skill level 6 in Axes
  2345 | D:4      | HP: 1/55 [gnoll/whip (5)]
  2868 | D:4      | Reached * piety under Okawaru
  3010 | D:5      | Entered Level 5 of the Dungeon
  3020 | D:5      | Reached skill level 7 in Axes
  3021 | D:5      | Reached XP level 8. HP: 32/61 MP: 8/8
  3037 | D:5      | Got a pitted bone ring
  3039 | D:5      | Identified the ring of Oxofon {*Contam rElec Str+4 Int+2} (You found it on level 5 of the Dungeon)
  3393 | D:5      | Reached skill level 5 in Fighting
  3536 | D:5      | Reached skill level 8 in Axes
  3541 | D:5      | HP: 3/62 [orc priest/war axe (5)]
  3845 | D:5      | Found a sparkling altar of Nemelex Xobeh.
  4101 | D:5      | Found a deep blue altar of Sif Muna.
  4319 | D:6      | Reached ** piety under Okawaru
  4783 | D:6      | Reached XP level 9. HP: 41/69 MP: 9/9
  4798 | D:6      | Reached skill level 9 in Axes
  4804 | D:6      | Gained mutation: You are clumsy. (Dex -2) [mutagenic meat]
  4805 | D:6      | Gained mutation: You are covered in fur. (AC +1) [mutagenic meat]
  4806 | D:6      | Gained mutation: You are frail. (-10% HP) [mutagenic meat]
  4807 | D:6      | Lost mutation: You are clumsy. (Dex -2) [mutagenic meat]
  5373 | D:7      | Noticed a two-headed ogre
  5390 | D:7      | Killed a two-headed ogre
  5390 | D:7      | Reached *** piety under Okawaru
  5390 | D:7      | Reached skill level 10 in Axes
  5453 | D:7      | Noticed dolemite99's ghost (novice DrTm)
  5472 | D:7      | HP: 2/63 [dolemite99's ghost (10)]
  5478 | D:7      | Killed dolemite99's ghost
  5478 | D:7      | Reached **** piety under Okawaru
  5478 | D:7      | Reached skill level 1 in Stealth
  5478 | D:7      | Reached XP level 10. HP: 4/71 MP: 10/10
  5594 | D:7      | Found a sand-covered staircase.
  5731 | Ossuary  | Entered an ossuary
  5766 | Ossuary  | Reached skill level 11 in Axes
  6203 | D:7      | Found a shattered altar of Ashenzari.
  6336 | D:7      | Noticed a gargoyle
  6356 | D:7      | Slain by a gargoyle

Vault maps used:
D:1:      tarquinn_simple_flora_water_c
D:2:      lemuel_coloured_pillars_altar, marbit_many_paths, uniq_robin,
          uniq_sigmund
D:3:      nicolae_overflow_crystal_walls
D:4:      temple_green, first_bread
D:5:      led_sif_pool, basic_altar
D:6:      serial_bayou_pond_c, minivault_19, minivault_27,
          hangedman_abyss_or_decor_lesser_grid
D:7:      nicolae_ashenzari_panopticon, nicolae_ossuary_entry_monument,
          the_bakery
Temple:   minmay_freezing_vapour_temple
Ossuary:  ossuary_tomb_3

Skill      XL: |  1  2  3  4  5  6  7  8  9 10 |
---------------+-------------------------------+-----
Fighting       | 4 5 7 |  7.5
Dodging        | 1 2 3 4 |  4.8
Armour         | 4 5 6 7 8 |  8.8
Axes           | 3 4 5 7 8 10 11 | 11.2
Stealth        | 1 |  1.1
Shields        | |  3.6

Action                   |  1- 3 |  4- 6 |  7- 9 | 10-12 || total
-------------------------+-------+-------+-------+-------++-------
Melee: War axe           |   143 |   122 |   316 |    94 ||   675
  Use: Potion            |       |     1 |     3 |       ||     4
  Eat: Chunk             |       |     5 |    17 |     3 ||    25
Armor: Scale mail        |    85 |    55 |   131 |    21 ||   292
Dodge: Dodged            |    72 |    69 |   233 |    44 ||   418
       Deflected         |       |       |     3 |     2 ||     5
Block: Shield            |    39 |       |       |       ||    39

Table legend:
 A = Spawn XP
 B = Non-spawn XP
 C = Spawn XP percentage of total XP
 D = Spawn monster count
 E = Non-spawn monster count
 F = Spawn count percentage of total count
 G = Total turns spent on level
                    A         B        C        D         E        F      G
               +---------+---------+-------+---------+---------+-------+---------
         Total |       0 |    5389 |   0.0 |       0 |     193 |   0.0 |  6356
               +---------+---------+-------+---------+---------+-------+---------
           D:1 |       0 |      51 |   0.0 |       0 |      27 |   0.0 |   616
           D:2 |       0 |     304 |   0.0 |       0 |      29 |   0.0 |   854
           D:3 |       0 |     214 |   0.0 |       0 |      21 |   0.0 |   628
           D:4 |       0 |     447 |   0.0 |       0 |      20 |   0.0 |   892
           D:5 |       0 |     825 |   0.0 |       0 |      21 |   0.0 |  1222
           D:6 |       0 |    1079 |   0.0 |       0 |      33 |   0.0 |  1133
           D:7 |       0 |    2313 |   0.0 |       0 |      26 |   0.0 |   796
       Ossuary |       0 |     156 |   0.0 |       0 |      16 |   0.0 |   195
               +---------+---------+-------+---------+---------+-------+---------
